AoeStats
← Dadao Wushi

Socotra

506336644Analyzed
3v3 RM · 18d ago on Sep 13, 2026· 47m 0s· 6 players
Game mode
Random Map
Map size
128×128
Population
200
Speed
Normal
Resources
Standard
Victory
Conquest
Starting age
Dark Age
Ending age
Imperial Age
RankedLock teamsTeams togetherTeam positionsShared explorationLock speedFull tech treeHidden civsTurbo modeCheats
Victory
Defeat
🇦🇿 Goths · Azerbaijan
1116
+12
🇭🇰 Britons · Hong Kong SAR China
1031
+15
🇭🇰 Byzantines · Hong Kong SAR China
945
+17
🇨🇳 Wei · China
1018
-15
🇺🇸 Teutons · United States
1015
-15
🇨🇳 Aztecs · China
993
-14
再给窝喵喵叫.
1:00 Loom
13:14 Feudal Age
13:43 Double-Bit Axe
13:41 Horse Collar
15:44 Wheelbarrow
18:56 Castle Age
17:04 Town Watch
19:05 Gold Mining
19:07 Stone Mining
20:51 Forging
20:47 Scale Barding Armor
22:29 Iron Casting
22:46 Gold Mining
23:40 Hand Cart
26:08 Tuntian
27:03 Chain Barding Armor
29:11 Stone Shaft Mining
29:11 Gold Shaft Mining
29:37 Town Patrol
35:22 Imperial Age
38:24 Ming Guang Armor
40:51 Bow Saw
40:44 Heavy Plow
41:47 Blast Furnace
41:13 Man-at-Arms
42:19 Long Swordsman
42:53 Heavy Hei Guang Cavalry
43:33 Husbandry
lty20000612
12:59 Feudal Age
14:05 Man-at-Arms
22:16 Castle Age
21:30 Double-Bit Axe
21:28 Horse Collar
29:55 Scale Mail Armor
30:06 Forging
32:11 Iron Casting
31:51 Chain Mail Armor
39:35 Imperial Age
38:44 Heavy Plow
40:23 Elite Jaguar Warrior
steffens-spieleadresse
6:58 Loom
11:53 Feudal Age
17:38 Fletching
26:44 Castle Age
25:23 Man-at-Arms
26:58 Stone Mining
26:49 Long Swordsman
37:13 Wheelbarrow
40:49 Imperial Age
40:11 Forging
40:02 Scale Mail Armor
40:21 Pikeman
45:56 Chemistry
46:17 Heavy Scorpion
Dadao Wushi
12:40 Feudal Age
17:34 Fletching
21:11 Castle Age
20:03 Horse Collar
20:55 Double-Bit Axe
28:03 Scale Mail Armor
29:03 Stone Mining
29:03 Pikeman
36:03 Squires
38:30 Bow Saw
40:05 Scale Barding Armor
40:12 Forging
43:45 Imperial Age
Futou Juhan
3:01 Loom
12:05 Feudal Age
13:55 Double-Bit Axe
14:27 Horse Collar
17:24 Wheelbarrow
19:54 Fletching
24:43 Castle Age
38:44 Bow Saw
42:06 Bodkin Arrow
47:14 Ballistics
47:39 Hand Cart
I have Gun
10:28 Feudal Age
15:55 Castle Age
14:41 Double-Bit Axe
15:21 Horse Collar
17:17 Bow Saw
18:05 Loom
20:13 Fletching
21:11 Bodkin Arrow
22:15 Wheelbarrow
23:12 Scale Mail Armor
23:22 Forging
23:01 Pikeman
23:41 Squires
26:23 Gold Mining
30:28 Imperial Age
29:49 Chain Mail Armor
29:44 Forging
31:09 Anarchy
31:03 Halberdier
36:26 Bracer
37:02 Iron Casting
39:39 Blast Furnace
39:20 Elite Huskarl
40:22 Conscription
Connection lost

Rejoining the realm…

Still unreachable

The connection could not be restored.

Session expired

The server has moved on; the page needs a fresh start.